 Dungeon Crawl Stone Soup version 0.30-a0-852-g08b95dd62f (webtiles) character file.

Game seed: 6116288081448745320

2869 cforsyth the Thaumaturge (level 9, -5/45 HPs)
             Began as a Deep Elf Earth Elementalist on Mar 5, 2023.
             Killed from afar by an electric eel (11 damage)
             ... with a bolt of electricity
             ... on level 7 of the Dungeon.
             The game lasted 00:14:59 (6978 turns).

cforsyth the Thaumaturge (DEEE)                     Turns: 6978, Time: 00:14:59

Health: -5/45      AC:  4    Str:  5    XL:     9   Next: 47%
Magic:  26/27      EV: 16    Int: 25    God:
Gold:   371        SH:  0    Dex: 15    Spells: 31/32 levels left

rFire   . . .      SeeInvis .    (no weapon)
rCold   + . .      Faith    .    l - orb {light}
rNeg    + . .      Spirit   .    B - +1 leather armour {rC+}
rPois   .          Reflect  .    (no helmet)
rElec   .          Rampage  .    (no cloak)
rCorr   .                        (no gloves)
Will    .....                    (no boots)
Stlth   +                        (no amulet)
HPRegen 0.27/turn                d - ring of positive energy
MPRegen 0.20/turn                f - +5 ring of evasion

@: glowing
A: no striking features
a: no special abilities


You were on level 7 of the Dungeon.
You visited 2 branches of the dungeon, and saw 8 of its levels.
You also visited: Sewer.

You collected 371 gold pieces.

Inventory:

Armour
 a - a +0 robe
 l - an orb of light (worn)
 B - a +1 leather armour of cold resistance (worn)
Jewellery
 d - a ring of positive energy (left hand)
 f - a +5 ring of evasion (right hand)
Wands
 p - a wand of mindburst (3)
 v - a wand of flame (30)
 z - a wand of polymorph (6)
Scrolls
 i - 2 scrolls of amnesia {unknown}
 k - a scroll of fear {unknown}
 m - a scroll of blinking {unknown}
 o - 4 scrolls of magic mapping {unknown}
 q - 3 scrolls of teleportation
 r - a scroll of enchant armour {unknown}
 s - a scroll of enchant weapon {unknown}
 u - 2 scrolls of fog {unknown}
 w - a scroll of vulnerability {unknown}
 x - a scroll of poison
Potions
 b - 2 potions of magic
 c - 2 potions of might
 e - 4 potions of curing
 g - a potion of attraction
 h - 2 potions of flight
 j - 2 potions of brilliance
 n - a potion of ambrosia
 t - 3 potions of haste
 A - a potion of mutation {unknown}
 D - a potion of heal wounds {unknown}


   Skills:
 - Level 2.4 Dodging
 - Level 2.4 Stealth
 + Level 12.4 Spellcasting
 - Level 1.1 Transmutations
 + Level 10.7 Earth Magic


You had 31 spell levels left.
You knew the following spells:

 Your Spells              Type           Power      Damage    Failure   Level
a - Sandblast             Erth           100%       2d20      1%          1

Your spell library contained the following spells:

 Spells                   Type           Power      Damage    Failure   Level
 Passwall                 Tmut/Erth      37%        N/A       1%          2
 Stone Arrow              Conj/Erth      84%        3d12      2%          3
 Lee's Rapid Deconstruct  Erth           31%        3d16*     2%          5
 Sting                    Tmut/Pois      72%        1d6       5%          1
 Petrify                  Tmut/Erth      45%        N/A       5%          4
 Apportation              Tloc           30%        N/A       6%          1
 Freeze                   Ice            60%        1d7       6%          1
 Magic Dart               Conj           60%        1d6       6%          1
 Necrotise                Necr           60%        1d7       6%          1
 Summon Small Mammal      Summ           60%        N/A       6%          1
 Poisonous Vapours        Pois/Air       30%        N/A       10%         2
 Searing Ray              Conj           30%        2d5       10%         2
 Frozen Ramparts          Ice            30%        1d5       19%         3
 Hailstorm                Conj/Ice       15%        3d5       19%         3
 Inner Flame              Hex/Fire       15%        N/A       19%         3
 Kindle Blastsparks       Fire/Tloc/Air  30%        2d12      19%         3
 Cause Fear               Hex            7%         N/A       54%         4
 Fulminant Prism          Conj/Hex       7%         3d6       54%         4
 Iskenderun's Mystic Bla  Conj/Tloc      15%        2d5       54%         4
 Olgreb's Toxic Radiance  Pois           15%        N/A       54%         4
 Discord                  Hex            7%         N/A       100%        8


Dungeon Overview and Level Annotations

Branches:
Dungeon (7/15)             Temple (1/1) D:6           Sewer (visited)

Altars:
Ashenzari
Cheibriados
Dithmenos
Elyvilon
Fedhas
Hepliaklqana
Makhleb
Nemelex Xobeh
Okawaru
Qazlal
Ru
Sif Muna
Trog
Wu Jian
Xom
Yredelemnul
Zin
The Shining One
Lugonu

Shops:
D:4 (

Annotations:
D:2 1 runed translucent door, Crazy Yiuf


Message History

e - 4 potions of curing (gained 1)
A hound comes into view.
A hound is nearby!
A hound is nearby!
The hound barks!
No target in view!
You can't see any susceptible monsters within range! (Use Z to cast anyway.)
You can't see any susceptible monsters within range! (Use Z to cast anyway.)
Found a leather armour.
The blast of sand hits the hound!
The hound is severely wounded.
The blast of sand hits the hound!!
You kill the hound!
You can't see any susceptible monsters within range! (Use Z to cast anyway.)
You can't see any susceptible monsters within range! (Use Z to cast anyway.)
An electric eel comes into view.
An electric eel is nearby!
An electric eel is nearby!
An electric eel is nearby!
The electric eel shoots out a bolt of lightning at you!
The bolt of electricity hits you!
You can't see any susceptible monsters within range! (Use Z to cast anyway.)
You can't see any susceptible monsters within range! (Use Z to cast anyway.)
You can't see any susceptible monsters within range! (Use Z to cast anyway.)
You can't see any susceptible monsters within range! (Use Z to cast anyway.)
An electric eel comes into view.
The blast of sand hits the electric eel!
The electric eel is almost dead.
The electric eel shoots out a bolt of lightning at you!
The bolt of electricity hits you! The bolt of electricity hits you.
You are too injured to fight recklessly!
You are too injured to fight recklessly!
You are too injured to fight recklessly!
You are too injured to fight recklessly!
The electric eel shoots out a bolt of lightning at you!
The bolt of electricity hits you!
* * * LOW HITPOINT WARNING * * *
The electric eel shoots out a bolt of lightning at you!
The bolt of electricity hits you!
You die...

≈~~~~.. ...............
≈≈S~~..###....[......#....
8≈~~~...#..........###.#>.
≈≈≈~~..............##.....
8≈S~~...##...............#
~≈~~~...# #...............
~~~~~...####.........#..##
~~~~~.....#...#.....#####
~~~~8....@.........##
.........#....##....#
.........$..#####...#
.............# #.###
♣.♣[♣.......## ###
...........## ......##.##
##... ## #..


You could see 2 electric eels.

Vanquished Creatures
  Pikel (D:5)
  Prince Ribbit (D:5)
  Sigmund (D:4)
  Eustachio (D:5)
  Edmund (D:4)
  Menkaure (D:6)
  A sky beast (D:7)
  2 centaurs (D:6)
  An ogre (D:4)
  A phantom (D:4)
  Blork the orc (D:5)
  A lemure (D:5)
  A bullfrog (D:6)
  A gnoll sergeant (D:6)
  3 scorpions
  4 hounds
  3 orc priests
  4 jellies
  Jessica (D:2)
  A sleepcap (D:6)
  Natasha (thrice) (D:4)
  2 iguanas
  2 orc wizards
  Ijyb (D:3)
  Robin (D:3)
  6 adders
  5 gnolls
  4 river rats (Sewer)
  An ufetubus (D:5)
  A dart slug (D:1)
  26 orcs
  3 bats
  7 endoplasms
  10 giant cockroaches
  18 goblins
  12 hobgoblins
  5 jackals
  6 kobolds
  6 quokkas
  12 ball pythons
  6 frilled lizards
  14 rats
  A spectral kobold (D:1)
183 creatures vanquished.

Vanquished Creatures (others)
  A plant (D:6)
1 creature vanquished.

Grand Total: 184 creatures vanquished

Notes
Turn   | Place    | Note
-------+----------+-------------------------------------------
     0 | D:1      | cforsyth the Deep Elf Earth Elementalist began the quest
                  | for the Orb.
     0 | D:1      | Reached XP level 1. HP: 10/10 MP: 6/6
   169 | D:1      | Reached XP level 2. HP: 11/15 MP: 1/8
   286 | D:1      | Found a faded altar of an unknown god.
   541 | D:1      | Reached skill level 4 in Spellcasting
   586 | D:1      | Reached XP level 3. HP: 14/19 MP: 5/10
  1326 | D:2      | Found a bloodstained altar of Trog.
  1413 | D:2      | Found a runed translucent door.
  1414 | D:2      | Noticed Crazy Yiuf
  1536 | D:2      | Noticed Jessica
  1538 | D:2      | Killed Jessica
  1539 | D:2      | Reached XP level 4. HP: 24/24 MP: 9/12
  1899 | D:3      | Noticed Robin
  2132 | D:3      | Reached skill level 5 in Spellcasting
  2147 | D:3      | Found a burning altar of Makhleb.
  2294 | D:3      | Reached skill level 5 in Earth Magic
  2318 | D:3      | Reached XP level 5. HP: 28/28 MP: 11/15
  2435 | D:3      | Found a hazy altar of Hepliaklqana.
  2438 | D:3      | Found a glowing silver altar of Zin.
  2438 | D:3      | Found a broken altar of Ashenzari.
  2441 | D:3      | Found a glowing golden altar of the Shining One.
  2508 | D:3      | Noticed Ijyb
  2535 | D:3      | Killed Ijyb
  2737 | D:4      | Found Zuxejis's Weapon Shoppe.
  2751 | D:4      | Identified the +1 leather armour of the Iron City of Dis
                  | {Harm}
  2751 | D:4      | Noticed an ogre
  2753 | D:4      | Noticed Natasha
  2755 | D:4      | Killed an ogre
  2756 | D:4      | Reached skill level 6 in Spellcasting
  2756 | D:4      | Reached XP level 6. HP: 32/32 MP: 13/17
  2758 | D:4      | Killed Natasha
  2863 | D:4      | Noticed Natasha
  2870 | D:4      | Killed Natasha
  2894 | D:4      | Noticed Natasha
  2897 | D:4      | Killed Natasha
  2898 | D:4      | Reached skill level 7 in Spellcasting
  3020 | D:4      | Noticed Sigmund
  3025 | D:4      | Killed Sigmund
  3026 | D:4      | Reached XP level 7. HP: 26/36 MP: 16/20
  3249 | D:4      | Found a white marble altar of Elyvilon.
  3306 | D:4      | Found a glowing drain.
  3318 | Sewer    | Entered a sewer
  3353 | Sewer    | Reached skill level 8 in Spellcasting
  3984 | D:5      | Entered Level 5 of the Dungeon
  4053 | D:5      | Noticed Pikel
  4085 | D:5      | Killed Pikel
  4086 | D:5      | Reached skill level 9 in Spellcasting
  4086 | D:5      | Reached XP level 8. HP: 14/41 MP: 16/23
  4220 | D:5      | Noticed Edmund
  4278 | D:5      | Noticed Eustachio
  4283 | D:5      | Killed Eustachio
  4284 | D:5      | Reached skill level 10 in Spellcasting
  4353 | D:5      | Found an iron altar of Okawaru.
  4567 | D:3      | Killed Robin
  4803 | D:4      | HP: 2/41 [Edmund/+2 heavy flail (9)]
  5184 | D:5      | Noticed Blork the orc
  5188 | D:5      | Noticed Prince Ribbit
  5213 | D:4      | Killed Edmund
  5432 | D:5      | Killed Prince Ribbit
  5433 | D:5      | Reached skill level 11 in Spellcasting
  5515 | D:5      | Killed Blork the orc
  5516 | D:5      | Reached XP level 9. HP: 45/45 MP: 22/26
  5619 | D:6      | Noticed Menkaure
  5622 | D:6      | Killed Menkaure
  5658 | D:6      | Reached skill level 10 in Earth Magic
  5680 | D:6      | Found a stormy altar of Qazlal.
  6022 | D:6      | Found a staircase to the Ecumenical Temple.
  6028 | Temple   | Entered the Ecumenical Temple
  6175 | D:6      | Found a blossoming altar of Fedhas.
  6337 | D:6      | Reached skill level 12 in Spellcasting
  6978 | D:7      | Killed from afar by an electric eel

Illustrated notes

Levels and vault maps discovered:
D:1:      minmay_arrival_widening_spiral_wide, layout_rooms,
          dreamdust_ecumenical_altar_drowned_temple, minmay_shallow_snake_nest
D:2:      layout_loops_corners, basic_altar, uniq_jessica,
          uniq_crazy_yiuf_cottage
D:3:      cheibrodos_pilgrimage, layout_basic, lemuel_tele_altar, minitemple,
          uniq_ijyb, uniq_robin
D:4:      layout_rooms, overflow_temple_1_default, gup_sewer_entry_pipe,
          serial_shops, shop_fountains, st_stairs_14, uniq_natasha, uniq_sigmund
D:5:      layout_basic, okawaru_metal_pillars_1_2, lemuel_flamethrower_1,
          uniq_edmund, uniq_eustachio, uniq_blork_the_orc, uniq_pikel,
          uniq_prince_ribbit1
D:6:      layout_basic, grunt_temple_overflow_forces_of_nature, temple_green,
          wad_floor_pattern_2, chequers_serial_rivers_micro_b,
          minmay_misc_feat_five, uniq_menkaure
D:7:      layout_cave_pools, serial_park, serial_park_fountain,
          serial_park_tiny_pond, serial_park_tiny_2, serial_park_square2,
          kennysheep_generic_room_8
Temple:   corrupted_temple

Skill      XL: |  1  2  3  4  5  6  7  8  9 |
---------------+----------------------------+-----
Spellcasting   | 4 5 6 7 9 11 12 | 12.4
Earth Magic    | 4 5 6 8 9 10 | 10.7
Dodging        | |  2.4
Stealth        | |  2.4
Transmutations | |  1.1

Action                     |  1- 3 |  4- 6 |  7- 9 || total
---------------------------+-------+-------+-------++-------
  Melee: Unarmed           |       |       |     2 ||     2
   Cast: Sandblast         |    55 |    69 |   158 ||   282
    Use: Scroll            |       |     3 |     8 ||    11
         Potion            |       |       |     2 ||     2
 Armour: Robe              |       |     3 |     4 ||     7
         Leather armour    |       |       |    22 ||    22
  Dodge: Dodged            |     8 |    20 |   120 ||   148

Table legend: (Time is in decaauts)
 A = Elapsed time spent in this place.
 B = Non-inter-level travel time spent in this place.
 C = Inter-level travel time spent in this place.
 D = Time resting spent in this place.
 E = Time spent auto-exploring this place.
 F = Levels seen in this place.
 G = Mean time per level.
                   A        B        C        D        E       F      G
               +--------+--------+--------+--------+--------+-----+--------+
         Total |   7174 |   6971 |    203 |   1143 |   4572 |   9 |  797.1 |
       Dungeon |   6513 |   6324 |    189 |   1133 |   4140 |   7 |  930.4 |
        Temple |     43 |     29 |     14 |      0 |     23 |   1 |   43.0 |
         Sewer |    617 |    617 |      0 |     10 |    409 |   1 |  617.0 |
               +--------+--------+--------+--------+--------+-----+--------+

Top non-repeatable levels by time:
     D:4: 1304 daAuts
     D:3: 1143 daAuts
     D:5: 1100 daAuts
     D:2: 1012 daAuts
     D:6: 927 daAuts
     D:1: 867 daAuts
   Sewer: 617 daAuts
     D:7: 158 daAuts
  Temple: 43 daAuts
